 Dungeon Crawl Stone Soup version 0.28-a0-1493-g08698888e4 (webtiles) character file.

Game seed: 7777098787539036225

82 knot the Chopper (level 4, 21/52 HPs)
             Began as a Demonspawn Berserker on Jan 13, 2022.
             Was a Believer of Trog.
             Quit the game on level 2 of the Dungeon.
             The game lasted 00:01:05 (1457 turns).

knot the Chopper (Demonspawn Berserker)             Turns: 1457, Time: 00:01:06

Health: 21/52      AC:  3    Str: 18    XL:     4   Next: 21%
Magic:  4/4        EV: 12    Int: 10    God:    Trog [**....]
Gold:   36         SH:  4    Dex: 12    Spells: 3/3 levels left

rFire   . . .      SeeInvis .   a - +0 hand axe
rCold   . . .      Faith    .   (no shield)
rNeg    . . .      Spirit   .   b - +0 animal skin
rPois   .          Reflect  .   (no helmet)
rElec   .          Harm     .   (no cloak)
rCorr   +          Rampage  .   (no gloves)
Will    .....                   e - +0 pair of boots
Stlth   ..........              (no amulet)
HPRegen 0.17/turn               h - ring of resist corrosion
MPRegen 0.09/turn               (no ring)

@: berserking, very quick
A: condensation shield, demonic touch 1
a: Renounce Religion, Berserk, Trog's Hand


You were on level 2 of the Dungeon.
You worshipped Trog.
Trog was pleased with you.
You visited 1 branch of the dungeon, and saw 2 of its levels.

You collected 36 gold pieces.

Inventory:

Hand Weapons
 a - a +0 hand axe (weapon)
Missiles
 d - 64 stones (quivered)
Armour
 b - a +0 animal skin (worn)
 e - a +0 pair of boots (worn)
Jewellery
 h - a ring of resist corrosion (left hand)
Scrolls
 c - a scroll of teleportation {unknown}
 f - a scroll of enchant armour {unknown}
 i - a scroll of holy word {unknown}
Potions
 g - a potion of might {unknown}


   Skills:
 - Level 3.0 Fighting
 + Level 4.6 Axes
 - Level 1.7 Armour
 - Level 1.7 Dodging


You had 3 spell levels left.
You didn't know any spells.
Your spell library contained the following spells:

 Spells                   Type           Power      Damage    Failure   Level
 Ignite Poison            Fire/Tmut/Pois 0%         N/A       75%         3
 Mephitic Cloud           Conj/Pois/Air  0%         N/A       75%         3
 Freezing Cloud           Conj/Ice/Air   0%         6-21      100%        5


Dungeon Overview and Level Annotations

Branches:
Dungeon (2/15)

Altars:


Innate Abilities, Weirdness & Mutations

A meltable shield of frost defends you. (SH +4)
Your touch may inflict minor irresistible damage on your foes.


Message History

You see here 7 gold pieces.
There are monsters nearby!
The gnoll shouts! x2; You hear a shout!
A gnoll comes into view. It is wielding a +0 club.
You barely miss the gnoll. The gnoll barely misses you.
You closely miss the gnoll. The gnoll closely misses you. The adder bites you.
You hit the gnoll. Your touch misses the gnoll.
The gnoll is lightly wounded.
You hit the adder but do no damage. The gnoll closely misses you.
The adder bites you.
You slash the gnoll!
The gnoll is severely wounded.
You hit the adder. The adder closely misses you.
The gnoll hits you with a +0 club. The adder barely misses you.
A red film seems to cover your vision as you go berserk!
You feel yourself moving faster!
You feel mighty! The gnoll hits you with a +0 club. The adder bites you.
You hit the gnoll.
You kill the gnoll!
Trog accepts your kill.
You barely miss the adder. The adder bites you.
You slash the adder!
You kill the adder!
Trog accepts your kill.
You closely miss the gnoll. You closely miss the gnoll.
Your touch misses the gnoll. You hit the gnoll.
The gnoll hits you with a +0 club! The gnoll closely misses you.
You are too injured to fight recklessly!
You are too injured to fight recklessly!
You slash the gnoll!
You kill the gnoll!
Trog accepts your kill.
You closely miss the gnoll. You slash the gnoll!
You kill the gnoll!
Trog accepts your kill.
You can now call upon Trog for regeneration and willpower.
You have reached level 4!
You feel stronger.
Your demonic ancestry asserts itself...
Frost condenses into a shield before you.
Are you sure you want to abandon this character and quit the game? (Confirm with "yes".)

....#..##########
#####.## #.# #.#
#.#### #....##
##.....##
#.).....#
#@$.....# .
......g)).....#
####...!.....##
####.......#
........#
#........#
..#...>.##
..###...##


You could see a gnoll.

Vanquished Creatures
  3 gnolls (D:2)
  2 adders (D:2)
  A dart slug (D:2)
  A giant cockroach (D:1)
  2 goblins
  5 hobgoblins (D:1)
  A quokka (D:2)
  8 ball pythons
  6 bats
  3 frilled lizards
  3 kobolds
  A rat (D:2)
36 creatures vanquished.

Notes
Turn   | Place    | Note
-------+----------+-------------------------------------------
     0 | D:1      | knot the Demonspawn Berserker began the quest for the Orb.
     0 | D:1      | Reached XP level 1. HP: 18/18 MP: 1/1
   249 | D:1      | Reached skill level 3 in Axes
   383 | D:1      | Gained mutation: Your touch may inflict minor irresistible
                  | damage on your foes. [demonic ancestry]
   383 | D:1      | Reached XP level 2. HP: 18/24 MP: 2/2
  1132 | D:2      | Reached XP level 3. HP: 29/29 MP: 3/3
  1373 | D:2      | Reached skill level 4 in Axes
  1456 | D:2      | Reached ** piety under Trog
  1457 | D:2      | Gained mutation: A meltable shield of frost defends you.
                  | (SH +4) [demonic ancestry]
  1457 | D:2      | Reached XP level 4. HP: 21/35 MP: 4/4
  1457 | D:2      | Quit the game

Illustrated notes

Levels and vault maps discovered:
D:1:      dpeg_arrival_orchard, layout_basic
D:2:      minmay_wonky_spiral, layout_rooms

Skill      XL: |  1  2  3 |
---------------+----------+-----
Axes           | 3 4 |  4.6
Fighting       | |  3.0
Armour         | |  1.7
Dodging        | |  1.7

Action                   |  1- 3 |  4- 6 || total
-------------------------+-------+-------++-------
Melee: Hand axe          |    81 |       ||    81
       Punch             |     2 |       ||     2
       Touch             |     9 |       ||     9
Invok: Berserk           |     3 |       ||     3
Armor: Animal skin       |    29 |       ||    29
Dodge: Dodged            |    58 |       ||    58

Table legend: (Time is in decaauts)
 A = Elapsed time spent in this place.
 B = Non-inter-level travel time spent in this place.
 C = Inter-level travel time spent in this place.
 D = Time resting spent in this place.
 E = Time spent auto-exploring this place.
 F = Levels seen in this place.
 G = Mean time per level.
                   A        B        C        D        E       F      G
               +--------+--------+--------+--------+--------+-----+--------+
         Total |   1484 |   1460 |     24 |    382 |    869 |   2 |  742.0 |
       Dungeon |   1484 |   1460 |     24 |    382 |    869 |   2 |  742.0 |
               +--------+--------+--------+--------+--------+-----+--------+

Top non-repeatable levels by time:
     D:1: 1140 daAuts
     D:2: 343 daAuts
